 Dungeon Sprint DCSS version 0.28-b1-1-g3c77fb2ed1 (webtiles) character file.

Game seed: 6333131562192722143

718 boopmooplesden the Severer (level 10, -6/101 HPs)
             Began as a Minotaur Fighter on Jan 28, 2022.
             Was a High Priest of Okawaru.
             Mangled by a troll (7 damage)
             ... in the Dungeon (Sprint VI: "Thunderdome").
             The game lasted 00:06:53 (1137 turns).

boopmooplesden the Severer (Minotaur Fighter)       Turns: 1137, Time: 00:06:54

Health: -6/101     AC:  9    Str: 21    XL:     10   Next: 1%
Magic:  18/20      EV: 13    Int:  5    God:    Okawaru [*****.]
Gold:   160        SH: 14    Dex: 28    Spells: 9/9 levels left

rFire   + . .      SeeInvis +   a - +0 war axe
rCold   . . .      Faith    .   s - +0 buckler of Feipsax {rC- Dex+6}
rNeg    + . .      Spirit   .   b - +0 scale mail
rPois   +          Reflect  +   t - +0 hat of the Gusle {+Inv rF+}
rElec   .          Harm     .   r - +0 cloak
rCorr   .          Rampage  .   d - +0 pair of gloves
Will    .....      Rage     1%  (no boots)
Stlth   +......... NoTele   +   p - amulet "Rosudewn" {Reflect rC+ SH+5}
HPRegen 0.26/turn               o - ring of Foolhardiness {Fly rPois Dex+4 SInv}
MPRegen 0.17/turn               q - ring of Bashroust {rPois rN+ MP+9 Str-4 Dex+8}

@: flying, unable to read
A: horns 2, retaliatory headbutt, berserk 1, deformed body, screaming 1,
inability to read while threatened
}: 1/15 runes: serpentine
a: Renounce Religion, Evoke Invisibility, Heroism, Finesse


You were in the Dungeon.
You worshipped Okawaru.
Okawaru was extremely pleased with you.
You visited 1 branch You collected 1050 gold pieces.
You spent 890 gold pieces at shops.

Inventory:

Hand Weapons
 a - a +0 war axe (weapon)
Armour
 b - a +0 scale mail (worn)
 c - a +0 buckler
 d - a +0 pair of gloves (worn)
 r - a +0 cloak (worn)
 s - the +0 buckler of Feipsax (worn) {rC- Dex+6}
   (You bought it in a shop in the Dungeon)

   Dex:       It affects your dexterity (+6).
   rC:        It makes you vulnerable to cold.
 t - the +0 hat of the Gusle (worn) {+Inv rF+}
   (You bought it in a shop in the Dungeon)

   rF:        It protects you from fire.
   +Inv:      It lets you turn invisible.
Jewellery
 o - the ring of Foolhardiness (left hand) {Fly rPois Dex+4 SInv}
   (You bought it in a shop in the Dungeon)

   [ring of flight]

   Dex:       It affects your dexterity (+4).
   rPois:     It protects you from poison.
   SInv:      It lets you see invisible.
   Fly:       It grants you flight.
 p - the amulet "Rosudewn" (around neck) {Reflect rC+ SH+5}
   (You bought it in a shop in the Dungeon)

   [amulet of reflection]

   It reflects blocked missile attacks.
   rC:        It protects you from cold.
   SH:        It affects your SH (+5).
 q - the ring of Bashroust (right hand) {rPois rN+ MP+9 Str-4 Dex+8}
   (You bought it in a shop in the Dungeon)

   [ring of magical power]

   Str:       It affects your strength (-4).
   Dex:       It affects your dexterity (+8).
   rPois:     It protects you from poison.
   rN:        It protects you from negative energy.
   MP:        It affects your magic capacity (+9).
Wands
 l - a wand of acid (5)
 m - a wand of iceblast (5)
Scrolls
 j - 4 scrolls of blinking
 n - 3 scrolls of fog
Potions
 e - a potion of curing
 g - 3 potions of haste
 h - 2 potions of magic
 i - a potion of experience
 k - a potion of resistance


   Skills:
 + Level 13.0 Fighting
 + Level 16.4 Axes
 + Level 11.9 Armour
 + Level 4.1 Dodging
 + Level 1.2 Stealth
 + Level 14.1 Shields
 + Level 2.8 Invocations


You had 9 spell levels left.
You didn't know any spells.
Your spell library was empty.

Dungeon Overview and Level Annotations

Branches:
Dungeon (1/1)

Altars:
Cheibriados
Dithmenos
Fedhas
Gozag
Kikubaaqudgha
Makhleb
Okawaru
Qazlal
Ru
Sif Muna
Trog
Uskayaw
Vehumet
Wu Jian
Xom
Yredelemnul
Zin
The Shining One
Beogh
Lugonu

Shops:
D *[??*?*:[((!!!!


Innate Abilities, Weirdness & Mutations

You have a pair of horns on your head.
You reflexively headbutt those who attack you in melee.
You tend to lose your temper in combat.
Armour fits poorly on your strangely shaped body.
You occasionally shout uncontrollably at your foes.
You sometimes lose the ability to read scrolls when taking damage.


Message History

You hit the deep troll.
The deep troll is heavily wounded.
You slice the deep troll!!
The deep troll is almost dead.
You block the deep troll's attack. The deep troll completely misses you.
You block the deep troll's attack.
A deep troll comes into view.
The deep troll shouts!
You slash the deep troll!
You kill the deep troll!
Okawaru is honoured by your kill. Okawaru grants you ammunition!
Something appears at your feet!
You hit the deep troll.
Your base Fighting skill increases to level 13!
Your base Axes skill increases to level 16!
Your base Dodging skill increases to level 4!
Your base Shields skill increases to level 14!
You have reached level 10!
You feel much better. The deep troll bites you!
* * * LOW HITPOINT WARNING * * *
You block the deep troll's attack. The deep troll claws you!
* * * LOW HITPOINT WARNING * * *
The deep troll completely misses you. You furiously retaliate!
You headbutt the deep troll. You block the deep troll's attack. x2
You completely miss the troll.
You headbutt the troll, but do no damage.
You hit the deep troll. The deep troll barely misses you.
You block the deep troll's attack. x2; You block the troll's attack. x2
The troll misses you.
You hit the troll.
You headbutt the troll, but do no damage.
The troll is lightly wounded.
You slash the deep troll!
You hit the deep troll but do no damage.
You feel like a meek peon again. The deep troll barely misses you.
You block the deep troll's attack. x2
The troll bites you.
* * * LOW HITPOINT WARNING * * *
The troll claws you!
You die...

#⌠...........⌠#
######.8.........8.######
##.___......###......___∩##
#∩........8.# #.8........∩###
..........).###.............##
...[.....###...###..........⌠#
.........# #.<.# #..........⌠#
........)###..†###..........⌠#
........[...###T@...........##
#∩........8.# #T8T.......∩###
##∩___......###......_._∩##
######)8.[.......8.######
#⌠(..........§#
###..)......### #........_#
#_......._# #_......._#


You could see 2 deep trolls and a troll.

Vanquished Creatures
  A naga warrior (D)
  2 deep trolls (D)
  2 tyrant leeches (D)
  Sigmund (D)
  7 neqoxecs (D)
  2 nagas (D)
  A hell hound (D)
  3 wolves (D)
  A hound (D)
  A jelly (D)
  Jessica (D)
  A gnoll (D)
  An adder (D)
  5 worms (D)
  5 endoplasms (D)
  A jackal (D)
  3 ball pythons (D)
  A kobold (D)
39 creatures vanquished.

Vanquished Creatures (others)
  A naga (D)
1 creature vanquished.

Grand Total: 40 creatures vanquished

Notes
Turn   | Place    | Note
-------+----------+-------------------------------------------
     0 | D        | boopmooplesden the Minotaur Fighter began the quest for the
                  | Orb.
     0 | D        | Reached XP level 1. HP: 19/19 MP: 0/0
     3 | D        | Found a stormy altar of Qazlal.
     4 | D        | Found a blossoming altar of Fedhas.
     4 | D        | Found a basalt altar of Yredelemnul.
     5 | D        | Found a radiant altar of Vehumet.
     5 | D        | Found a glowing golden altar of the Shining One.
     5 | D        | Round 1.
     6 | D        | Found a shadowy altar of Dithmenos.
     6 | D        | Found a shimmering altar of Xom.
     6 | D        | Found Miollopn's Identification Station.
     7 | D        | Found Ehous's Jewellery.
     7 | D        | Found Itacsah's Advanced Armour.
     7 | D        | Noticed Jessica
    17 | D        | Killed Jessica
    18 | D        | Reached skill level 5 in Fighting
    18 | D        | Reached skill level 3 in Axes
    18 | D        | Reached skill level 5 in Armour
    18 | D        | Reached skill level 5 in Shields
    18 | D        | Reached XP level 2. HP: 23/29 MP: 1/1
    21 | D        | Bought a warped marble ring for 45 gold pieces
    21 | D        | Identified the ring of Foolhardiness {Fly rPois Dex+4 SInv}
                  | (You bought it in a shop in the Dungeon)
    21 | D        | Bought a translucent crystal amulet for 45 gold pieces
    21 | D        | Identified the amulet "Rosudewn" {Reflect rC+ SH+5} (You
                  | bought it in a shop in the Dungeon)
    21 | D        | Bought a vibrating lapis lazuli ring for 45 gold pieces
    21 | D        | Identified the ring of Bashroust {rPois rN+ MP+9 Str-4
                  | Dex+8} (You bought it in a shop in the Dungeon)
    32 | D        | Found an ancient bone altar of Kikubaaqudgha.
    36 | D        | Found an opulent altar of Gozag.
    36 | D        | Found a snail-covered altar of Cheibriados.
    36 | D        | Found a shimmering blue altar of Sif Muna.
    36 | D        | Found Zualomes's Premium Goods.
    36 | D        | Found Wofroixt's Weapon Rack.
    37 | D        | Found Tockiz's Miscellaneous Merchandise.
    37 | D        | Found Xiobb's Basic Armour.
    40 | D        | Found a glowing silver altar of Zin.
    42 | D        | Found a bloodstained altar of Trog.
    43 | D        | Found Wogery's Do-It-Yourself Clinic.
    44 | D        | Found Veel's Bottled Wisdom.
    44 | D        | Found Uzer's Distillery.
    44 | D        | Found a corrupted altar of Lugonu.
    44 | D        | Found an iron altar of Okawaru.
    44 | D        | Found a sacrificial altar of Ru.
    44 | D        | Found Guppuuq's Distillery.
    52 | D        | Became a worshipper of Warmaster Okawaru
    55 | D        | Found a hide-covered altar of Uskayaw.
    56 | D        | Found a burning altar of Makhleb.
    56 | D        | Found Ohial's Staff Store.
    57 | D        | Found Nise's Must-Have Magic.
    57 | D        | Found Lith's Magic Scroll Shop.
    58 | D        | Found an ornate altar of the Wu Jian Council.
    58 | D        | Found Serinki's Magic Scroll Shop.
    78 | D        | Reached XP level 3. HP: 36/36 MP: 2/2
   124 | D        | Noticed Sigmund
   140 | D        | Killed Sigmund
   140 | D        | Reached * piety under Okawaru
   140 | D        | Arena points: 12 (+12) [x2]
   141 | D        | Reached skill level 5 in Axes
   141 | D        | Reached XP level 4. HP: 26/48 MP: 3/3
   141 | D        | Reached XP level 5. HP: 29/53 MP: 4/4
   150 | D        | Bought a +0 pair of gloves for 54 gold pieces
   204 | D        | Round 2.
   330 | D        | Reached skill level 6 in Axes
   350 | D        | Arena points: 54 (+42) [x3]
   372 | D        | Bought a +0 cloak for 54 gold pieces
   406 | D        | Round 3.
   406 | D        | Noticed a naga
   412 | D        | Killed a naga
   413 | D        | Reached skill level 7 in Axes
   413 | D        | Reached XP level 6. HP: 47/63 MP: 5/5
   430 | D        | Noticed a naga
   435 | D        | Noticed a naga
   441 | D        | Killed a naga
   441 | D        | Reached ** piety under Okawaru
   442 | D        | Reached skill level 8 in Axes
   442 | D        | Reached skill level 10 in Shields
   447 | D        | Killed a naga
   448 | D        | Reached skill level 10 in Fighting
   448 | D        | Reached skill level 9 in Axes
   448 | D        | Reached XP level 7. HP: 34/72 MP: 6/6
   451 | D        | Arena points: 138 (+84) [x4]
   518 | D        | Round 4.
   531 | D        | Reached skill level 10 in Axes
   531 | D        | Reached skill level 10 in Armour
   531 | D        | Reached skill level 1 in Dodging
   576 | D        | Reached *** piety under Okawaru
   628 | D        | Arena points: 278 (+140) [x5]
   667 | D        | Round 5.
   680 | D        | Noticed a naga warlord
   703 | D        | Killed a naga warlord
   703 | D        | Arena points: 558 (+280) [x7]
   704 | D        | Reached skill level 13 in Axes
   704 | D        | Reached skill level 1 in Invocations
   704 | D        | Reached XP level 8. HP: 63/82 MP: 8/8
   706 | D        | Got a serpentine rune of Zot
   715 | D        | Bought a faintly humming buckler for 332 gold pieces
   715 | D        | Identified the +0 buckler of Feipsax {rC- Dex+6} (You
                  | bought it in a shop in the Dungeon)
   869 | D        | Round 6.
   875 | D        | Noticed a tyrant leech
   890 | D        | Killed a tyrant leech
   919 | D        | Noticed a tyrant leech
   932 | D        | Killed a tyrant leech
   933 | D        | Reached XP level 9. HP: 8/89 MP: 9/9
   988 | D        | Noticed a tyrant leech
  1003 | D        | Arena points: 606 (+48) [x1]
  1018 | D        | Round 7.
  1021 | D        | Bought a faintly humming hat for 315 gold pieces
  1021 | D        | Identified the +0 hat of the Gusle {+Inv rF+} (You bought
                  | it in a shop in the Dungeon)
  1030 | D        | Gained mutation: Your body sometimes deteriorates upon
                  | taking damage. [a neqoxec]
  1036 | D        | Reached skill level 14 in Axes
  1038 | D        | Reached **** piety under Okawaru
  1048 | D        | Gained mutation: You sometimes lose the ability to read
                  | scrolls when taking damage. [a neqoxec]
  1050 | D        | Gained mutation: You occasionally shout uncontrollably at
                  | your foes. [a neqoxec]
  1065 | D        | Gained mutation: Armour fits poorly on your strangely
                  | shaped body. [a neqoxec]
  1072 | D        | Reached skill level 15 in Axes
  1080 | D        | Lost mutation: Your body sometimes deteriorates upon taking
                  | damage. [a neqoxec]
  1081 | D        | Gained mutation: You tend to lose your temper in combat. [a
                  | neqoxec]
  1084 | D        | Reached skill level 1 in Stealth
  1091 | D        | Arena points: 718 (+112) [x2]
  1106 | D        | Round 8.
  1106 | D        | Noticed a troll
  1106 | D        | Noticed a deep troll
  1118 | D        | Noticed a deep troll
  1124 | D        | Noticed a deep troll
  1128 | D        | Killed a deep troll
  1128 | D        | Reached ***** piety under Okawaru
  1133 | D        | Noticed a deep troll
  1133 | D        | Killed a deep troll
  1133 | D        | Received a gift from Okawaru
  1134 | D        | Reached skill level 16 in Axes
  1134 | D        | Reached XP level 10. HP: 6/101 MP: 11/11
  1134 | D        | HP: 5/101 [deep troll (12)]
  1137 | D        | HP: 1/101 [troll (5)]
  1137 | D        | Mangled by a troll

Illustrated notes

Levels and vault maps discovered:
D:        arena_sprint

Skill      XL: |  1  2  3  4  5  6  7  8  9 |
---------------+----------------------------+-----
Fighting       | 5 8 9 10 11 13 | 13.0
Axes           | 3 5 7 9 13 16 | 16.4
Armour         | 5 8 9 10 11 | 11.9
Shields        | 5 8 9 10 12 14 | 14.1
Dodging        | 2 4 |  4.1
Invocations    | 1 2 |  2.8
Stealth        | 1 |  1.2

Action                   |  1- 3 |  4- 6 |  7- 9 | 10-12 || total
-------------------------+-------+-------+-------+-------++-------
Melee: War axe           |    10 |    25 |   114 |     2 ||   151
       Headbutt          |     4 |     8 |    27 |     2 ||    41
Invok: Heroism           |       |     1 |     6 |       ||     7
  Use: Potion            |     1 |       |     5 |     1 ||     7
Armor: Scale mail        |     1 |     4 |     9 |       ||    14
Dodge: Dodged            |     4 |     5 |    26 |     4 ||    39
Block: Buckler           |     4 |    11 |    54 |     9 ||    78
       Reflection        |       |     3 |     2 |       ||     5
